 Dungeon Crawl Stone Soup version 0.30.0-10-gfe55d96785 (webtiles) character file.

Game seed: 8432405641895518475

19 hawla the Grave Robber (level 3, 0/23 HPs)
             Began as a Meteoran Necromancer on May 14, 2023.
             Slain by an orc priest
             ... wielding a +0 hand axe
              (3 damage)
             ... on level 2 of the Dungeon.
             The game lasted 00:02:42 (385 turns).

hawla the Grave Robber (Meteoran Necromancer)        Turns: 385, Time: 00:02:43

Health: 0/23       AC:  2    Str:  8    XL:     3   Next: 11%
Magic:  0/8        EV: 13    Int: 18    God:
Gold:   39         SH:  0    Dex: 18    Spells: 4/8 levels left

rFire   . . .        d - +0 mace
rCold   . . .        (no shield)
rNeg    . . .        a - +0 robe
rPois   .            (no helmet)
rElec   .            j - scarf {repulsion}
rCorr   .            (no gloves)
SInv    .            (no boots)
Will    .....        (no amulet)
Stlth   +            (no ring)
HPRegen 0.23/turn    (no ring)
MPRegen 0.11/turn

%: repel missiles
@: glowing
A: sense surroundings 1, otherworldly, glowing, explore regen, agile 1, frail 1
a: no special abilities


You were on level 2 of the Dungeon.
You visited 1 branch of the dungeon, and saw 2 of its levels.

You collected 39 gold pieces.

Inventory:

Hand Weapons
 d - a +0 mace (weapon)
Armour
 a - a +0 robe (worn)
 j - a scarf of repulsion (worn)
Scrolls
 c - a scroll of silence {unknown}
 g - a scroll of teleportation {unknown}
 h - a scroll of identify {unknown}
Potions
 b - a potion of magic
 i - a potion of heal wounds {unknown}


   Skills:
 + Level 0.3 Maces & Flails
 + Level 2.5 Dodging
 - Level 1.4 Stealth
 + Level 3.1 Spellcasting
 + Level 4.9 Necromancy


You had 4 spell levels left.
You knew the following spells:

 Your Spells              Type           Power      Damage    Failure   Level
a - Necrotise             Necr           80%        1d8       1%          1
b - Vampiric Draining     Necr           20%        2d7       6%          3

Your spell library contained the following spells:

 Spells                   Type           Power      Damage    Failure   Level
 Animate Dead             Necr           20%        N/A       21%         4
 Agony                    Necr           20%        N/A       50%         5


Dungeon Overview and Level Annotations

Branches:
Dungeon (2/15) Zot: 808

Altars:


Innate Abilities, Weirdness & Mutations

You passively map a small area around you.
You are easily found by Zot.
You glow in the dark.
You regain HP and MP as you explore.
You are agile. (Dex +4, Str/Int -1)
You are frail. (-10% HP)


Message History

Casting: Vampiric Draining (quite dangerous; 6% risk of failure)
Confirm with . or Enter, or press ? or * to list all spells.
You don't have enough magic to cast this spell.
Casting: Vampiric Draining (quite dangerous; 6% risk of failure)
Confirm with . or Enter, or press ? or * to list all spells.
Aiming: Necrotise (safe; 1% risk of failure)
Press: ? - help, Shift-Dir - straight line, f/p - goblin
Aim: a goblin, wielding a +0 club (severely wounded, chance to affect: 90%)
The goblin writhes in agony.
You kill the goblin!
The dead are walking!
Unknown command.
Casting: Necrotise (safe; 1% risk of failure)
Confirm with . or Enter, or press ? or * to list all spells.
Aiming: Necrotise (safe; 1% risk of failure)
Press: ? - help, Shift-Dir - straight line, f - orc priest
Aim: an orc priest, wielding a +0 hand axe (ally target, chance to affect: 80%)
The orc priest writhes in agony!
The orc priest barely misses your goblin skeleton.
The orc priest calls down the wrath of Beogh upon you.
Beogh smites you!
Ouch! That really hurt!
* * * LOW HITPOINT WARNING * * *
The orc hits your goblin skeleton with a +0 dagger.
It was a potion of curing.
You feel better.
Your goblin skeleton hits the orc.
The orc priest hits your goblin skeleton with a +0 short sword.
It was a potion of mutation.
You feel extremely strange.
You feel agile.
You feel frail.
The orc priest hits your goblin skeleton with a +0 short sword.
Your goblin skeleton is destroyed!
The orc priest misses you. The orc hits you with a +0 dagger.
* * * LOW HITPOINT WARNING * * *
Casting: Necrotise (safe; 1% risk of failure)
Confirm with . or Enter, or press ? or * to list all spells.
Aiming: Necrotise (safe; 1% risk of failure)
Press: ? - help, Shift-Dir - straight line, f/p - orc priest
Aim: an orc priest, wielding a +0 hand axe (heavily wounded, chance to affect: 78%)
The orc priest writhes in agony.
The orc priest hits you with a +0 hand axe.
You die...

, ,, , ,#.......... , , ,
#.......... , ,
#.......... , ,,
*######..........
*#............... * * . *
#........o...... * * .. ,
#.......oo...... , ..
#......#@# ...#
###.#####......#.# ...# ,
+................##...##
, *
###.....########.......#
............#<.........#
* .#########..#
#........# ,
........#.###........###
*.#####.#....#...........
, , , #.#.............###


You could see 2 orc priests and an orc.

Vanquished Creatures
  A dart slug (D:1)
  A bat (D:1)
  2 endoplasms
  A giant cockroach (D:1)
  2 goblins
  2 hobgoblins (D:1)
  A quokka (D:1)
  A ball python (D:1)
  A kobold (D:1)
  3 rats
15 creatures vanquished.

Vanquished Creatures (collateral kills)
  A ball python (D:1)
1 creature vanquished.

Grand Total: 16 creatures vanquished

Notes
Turn   | Place    | Note
-------+----------+-------------------------------------------
     0 | D:1      | hawla the Meteoran Necromancer began the quest for the Orb.
     0 | D:1      | Reached XP level 1. HP: 14/14 MP: 5/5
   170 | D:1      | Reached XP level 2. HP: 15/20 MP: 4/6
   339 | D:1      | You fall into a shaft and drop 1 floor!
   345 | D:2      | Reached XP level 3. HP: 26/26 MP: 5/8
   349 | D:2      | Learned a level 3 spell: Vampiric Draining
   382 | D:2      | HP: 1/26 [orc priest/divine providence (13)]
   384 | D:2      | Gained mutation: You are agile. (Dex +4, Str/Int -1)
                  | [potion of mutation]
   384 | D:2      | Gained mutation: You are frail. (-10% HP) [potion of
                  | mutation]
   385 | D:2      | Slain by an orc priest

Illustrated notes

Levels and vault maps discovered:
D:1:      wheals_arrival_shading, layout_loops_ring
D:2:      layout_basic, minmay_pentomino_x4

Skill      XL: |  1  2 |
---------------+-------+-----
Spellcasting   | 3 |  3.1
Maces & Flails | |  0.3
Dodging        | |  2.5
Stealth        | |  1.4
Necromancy     | |  4.9

Action                     || total
---------------------------++-------
  Melee: Mace              ||    17
         Unarmed           ||     1
   Cast: Necrotise         ||    22
         Vampiric Draining ||     1
    Use: Potion            ||     2
   Stab: Sleeping          ||     1
 Armour: Robe              ||     7
  Dodge: Dodged            ||    17
